 Dungeon Crawl Stone Soup version 0.24-a0-201-gf205589 (webtiles) character file.

Game seed: 6831077679600026933

161 Borgoz the Cutter (level 5, -1/51 HPs)
             Began as a Halfling Gladiator on Mar 24, 2019.
             Killed from afar by an orc wizard (7 damage)
             ... with a magic dart
             ... on level 4 of the Dungeon.
             The game lasted 00:03:03 (2240 turns).

Borgoz the Cutter (Halfling Gladiator)              Turns: 2240, Time: 00:03:04

Health: -1/51      AC: 22    Str: 15    XL:     5   Next: 70%
Magic:  5/5        EV:  3    Int:  7    God:
Gold:   107        SH:  0    Dex: 21    Spells: 4/4 levels left

rFire    . . .     SeeInvis .   a - +0 rapier
rCold    . . .     Gourm    .   (shield restricted)
rNeg     + + +     Faith    .   (armour currently unavailable)
rPois    +         Spirit   .   (helmet currently unavailable)
rElec    .         Reflect  .   (cloak currently unavailable)
rCorr    .         Harm     +   (gloves currently unavailable)
MR       .....     NoTele   +   (boots currently unavailable)
Stlth    +++.......             o - amulet of harm
HPRegen  0.17/turn              (no ring)
MPRegen  0.09/turn              (no ring)

@: agile, tree-form
A: small, mutation resistance 1
a: no special abilities


You were on level 4 of the Dungeon.
You were not hungry.
You were a tree.
You visited 1 branch of the dungeon, and saw 4 of its levels.

You collected 107 gold pieces.

Inventory:

Hand Weapons
 a - a +0 rapier (weapon)
Missiles
 d - 3 throwing nets (quivered)
 n - 16 poisoned needles
Armour
 b - a +0 leather armour (melded)
 c - a +0 helmet (melded)
 g - a +0 scale mail
Jewellery
 o - an amulet of harm (around neck)
 p - an uncursed ring of fire {unknown}
Scrolls
 e - 2 scrolls of remove curse {unknown}
 k - 2 scrolls of enchant weapon {unknown}
 l - 2 scrolls of enchant armour {unknown}
 m - 2 scrolls of identify {unknown}
 s - a scroll of magic mapping {unknown}
 u - a scroll of fear {unknown}
Potions
 h - a potion of cancellation {unknown}
 i - a potion of lignification
 j - a potion of heal wounds {unknown}
 r - a potion of flight
Comestibles
 f - 5 rations


   Skills:
 - Level 1.7 Fighting
 * Level 4.9 Short Blades
 + Level 2.6 Throwing
 * Level 2.8 Armour
 * Level 4.3 Dodging


You had 4 spell levels left.
You didn't know any spells.
Your spell library was empty.

Dungeon Overview and Level Annotations

Branches:
Dungeon (4/15)
 Temple: D:4-7

Altars:
Dithmenos
Gozag
Nemelex Xobeh


Innate Abilities, Weirdness & Mutations

You are small and have problems with some larger weapons.
You are somewhat resistant to further mutation.


Message History

Your +0 leather armour melds into your body.
Your roots penetrate the ground.
The orc wizard gestures wildly while chanting.
The orc wizard blinks!
The orc wizard hits you but does no damage.
The orc hits you from afar with a cursed -1 trident.
* * * LOW HITPOINT WARNING * * *
The orc wizard hits you but does no damage.
It was a potion of flight.
Your roots keep you in place.
The orc wizard casts a spell.
The orc wizard blinks!
The orc wizard hits you but does no damage.
The orc hits you but does no damage.
The orc wizard hits you but does no damage.
The orc hits you but does no damage.
It was a potion of agility.
You feel agile all of a sudden.
You feel yourself speed up.
The orc wizard points at you and mumbles some strange words.
The magic dart hits you.
You die...

#........
#.......# ..
#.......#
....###.......#
.......§..$...#
##.......# #..
.# #oo......#
#.##.#
#o########
#....# #♣#
#....# #.#
#....### #.#
#...... #.#
#...### #.#
##.....# #.#
....##.# #.#
###.##.# #.#
#.##.# #.#


You could see an orc wizard and 2 orcs.

Vanquished Creatures
  A howler monkey (D:2)
  A hound (D:4)
  A worker ant (D:4)
  A gnoll (D:1)
  An adder (D:2)
  A dart slug (D:1)
  A leopard gecko (D:3)
  An orc (D:4)
  5 giant cockroaches
  4 goblins
  9 hobgoblins
  4 jackals (D:3)
  A quokka (D:2)
  5 bats
  A frilled lizard (D:1)
  3 kobolds
  7 rats
47 creatures vanquished.

Notes
Turn   | Place    | Note
-------+----------+-------------------------------------------
     0 | D:1      | Borgoz the Halfling Gladiator began the quest for the Orb.
     0 | D:1      | Reached XP level 1. HP: 14/14 MP: 1/1
    85 | D:1      | Reached XP level 2. HP: 19/19 MP: 2/2
   166 | D:1      | Reached skill level 1 in Armour
   166 | D:1      | Reached XP level 3. HP: 19/24 MP: 3/3
   603 | D:2      | Found a sparkling altar of Nemelex Xobeh.
   658 | D:2      | Reached XP level 4. HP: 26/29 MP: 4/4
  1008 | D:2      | Found an opulent altar of Gozag.
  1614 | D:3      | Reached XP level 5. HP: 34/34 MP: 5/5
  1786 | D:3      | Found a shadowy altar of Dithmenos.
  2240 | D:4      | Killed from afar by an orc wizard

Levels and vault maps discovered:
D:1:      dpeg_arrival_chase, layout_basic, minivault_11
D:2:      layout_loops_corners, lemuel_crystal_altar, grunt_gozag_breadcrumbs,
          first_ration
D:3:      layout_basic, nicolae_dithmenos_through_a_glass_darkly
D:4:      layout_basic, minmay_bisected, uniq_edmund

Skill      XL: |  1  2  3 |
---------------+----------+-----
Short Blades   | 4 |  4.9
Armour         | 1 2 |  2.8
Dodging        | 4 |  4.3
Fighting       | |  1.7
Throwing       | |  2.6

Action                   |  1- 3 |  4- 6 || total
-------------------------+-------+-------++-------
Melee: Rapier            |    79 |    97 ||   176
  Use: Potion            |       |     3 ||     3
 Stab: Sleeping          |       |     1 ||     1
  Eat: Chunk             |       |     4 ||     4
Armor: Leather armour    |    14 |    35 ||    49
       Skin              |       |     5 ||     5
Dodge: Dodged            |    78 |   124 ||   202

Table legend:
 A = Non-vault XP
 B = Vault XP
 C = Vault XP percentage of total XP
 D = Non-vault monster count
 E = Vault monster count
 F = Vault count percentage of total count
                 A         B        C        D         E       F
            +---------+---------+-------+---------+---------+-------
      Total |     230 |       0 |   0.0 |      47 |       0 |   0.0
            +---------+---------+-------+---------+---------+-------
        D:1 |      39 |       0 |   0.0 |      16 |       0 |   0.0
        D:2 |      80 |       0 |   0.0 |      12 |       0 |   0.0
        D:3 |      29 |       0 |   0.0 |      16 |       0 |   0.0
        D:4 |      82 |       0 |   0.0 |       3 |       0 |   0.0
            +---------+---------+-------+---------+---------+-------
